Map: Temple gelé

Players

zuka - Winner!

  • Race: Protoss Protoss
  • League: Master

mAdmOte

  • Race: Protoss Protoss
  • League: Master

VOD

Have the link to the VOD?

Description

Time

  • Played on: April 16, 2016, 4:20 a.m.
  • Length: 2:08
Show
View Real Time Build Order
Export as new Build Order

zuka Protoss - Winner!

Build Orders: Cannon Rush 

Get SALT Encoding   

  12  0:00  Probe (Chrono Boost)  
  13  0:11  Probe (Chrono Boost)  
  14  0:19  Pylon  
  14  0:24  Probe (Chrono Boost)  
  15  0:37  Probe (Chrono Boost)  
  15  0:40  Forge  
  16  0:48  Probe (Chrono Boost)  
  17  0:55  Pylon  
  17  1:04  Pylon  
  17  1:15  Photon Cannon  
  17  1:24  Photon Cannon  
  17  1:31  Photon Cannon  
  17  1:42  Photon Cannon  
  17  1:47  Photon Cannon  
  17  1:56  Pylon  
Show
View Real Time Build Order
Export as new Build Order

mAdmOte Protoss 

Build Orders:  

Get SALT Encoding   

  12  0:02  Probe (Chrono Boost)  
  13  0:13  Probe (Chrono Boost)  
  14  0:18  Pylon  
  14  0:23  Probe (Chrono Boost)  
  15  0:36  Probe (Chrono Boost)  
  15  0:37  Gateway  
  15  0:42  Assimilator  
  16  0:47  Probe (Chrono Boost)  
  17  0:52  Assimilator  
  17  0:57  Probe (Chrono Boost)  
  18  1:08  Probe (Chrono Boost)  
  19  1:16  Forge  
  19  1:24  Zealot (Chrono Boost)  
  21  1:33  Cybernetics Core  
  21  1:50  Photon Cannon  
Tags
 
Add a new tag
Caveats
  • Supply blocks, unpowered buildings, or Contaminate may cause inaccurate times.
  • Supply counts are checked every 10 seconds.